 Dungeon Crawl Stone Soup version 0.30.1-4-g462c640d31 (webtiles) character file.

Game seed: 9321869695279597973

70461 samai the Fencer (level 15, -2/115 HPs)
             Began as a Merfolk Transmuter on June 3, 2023.
             Was a Priest of Okawaru.
             Slain by a cyan ugly thing (8 damage)
             ... on level 14 of the Dungeon on Sept 15, 2023.
             The game lasted 02:27:29 (25496 turns).

samai the Fencer (Merfolk Transmuter)              Turns: 25496, Time: 02:27:30

Health: -2/115     AC: 12    Str: 13    XL:     15   Next: 33%
Magic:  22/22      EV: 17    Int: 21    God:    Okawaru [***...]
Gold:   2537       SH:  5    Dex: 18    Spells: 19/22 levels left

rFire   + + .        J - +2 long sword (flame)
rCold   + + +        d - +0 buckler
rNeg    . . .        o - +2 leather armour {rC+}
rPois   +            P - +2 hat
rElec   .            a - +1 cloak {rPois}
rCorr   .            b - +0 pair of gloves of Wiehiutawn {Int+2}
SInv    .            R - +0 pair of boots {rampage}
Will    +....        k - amulet of Ipoy {rF+ rC+ Regen+ Str+2}
Stlth   +            p - +4 ring of slaying
HPRegen 1.19/turn    i - ring of Omouny {rF+ rC+ Dex+3}
MPRegen 0.18/turn

%: rampage
@: no status effects
A: (nimble swimmer 2), mertail, deformed body
a: Renounce Religion, Heroism


You were on level 14 of the Dungeon.
You worshipped Okawaru.
Okawaru was most pleased with you.
You visited 3 branches of the dungeon, and saw 21 of its levels.
You also visited: Trove, Ossuary, Bailey and Gauntlet.

You collected 4069 gold pieces.
You spent 1532 gold pieces at shops.

Inventory:

Hand Weapons
 J - a +2 long sword of flaming (weapon)
Missiles
 e - 3 atropa-tipped darts
 j - 12 javelins
 I - 7 silver javelins
 K - 34 poisoned darts (quivered)
 S - 6 silver boomerangs
 V - a throwing net
Armour
 a - a +1 cloak of poison resistance (worn)
 b - the +0 pair of gloves of Wiehiutawn (worn) {Int+2}
   (You found it in a treasure trove)

   Int:       It affects your intelligence (+2).
 d - a +0 buckler (worn)
 o - a +2 leather armour of cold resistance (worn)
 s - +0 acid dragon scales
 E - a +0 tower shield
 P - a +2 hat (worn)
 R - a +0 pair of boots of rampaging (worn)
Jewellery
 c - a ring of see invisible
 g - the ring "Hyasepsol" {Wiz rElec Dex-2 Slay+6 SInv}
   (You found it in a Gauntlet)

   [ring of wizardry]

   It improves your spell success rate.
   Dex:       It affects your dexterity (-2).
   Slay:      It affects your accuracy & damage with ranged weapons and melee
   (+6).
   rElec:     It insulates you from electricity.
   SInv:      It lets you see invisible.
 h - an amulet of the acrobat
 i - the ring of Omouny (right hand) {rF+ rC+ Dex+3}
   (You found it in a treasure trove)

   [ring of protection from fire]

   Dex:       It affects your dexterity (+3).
   rF:        It protects you from fire.
   rC:        It protects you from cold.
 k - the amulet of Ipoy (around neck) {rF+ rC+ Regen+ Str+2}
   (You acquired it on level 1 of the Lair of Beasts)

   [amulet of regeneration]

   Str:       It affects your strength (+2).
   rF:        It protects you from fire.
   rC:        It protects you from cold.
   Regen:     It increases your rate of health regeneration.
 l - an amulet of guardian spirit
 m - the ring "Ighao" {rElec MP+9 Int+3}
   (You found it in a treasure trove)

   [ring of magical power]

   Int:       It affects your intelligence (+3).
   rElec:     It insulates you from electricity.
   MP:        It affects your magic capacity (+9).
 p - a +4 ring of slaying (left hand)
 u - a ring of fire
 A - a ring of flight
 M - the ring "Pifif" {Drain Fly rPois rCorr Int+6}
   (You found it in a Gauntlet)

   [ring of intelligence]

   Int:       It affects your intelligence (+6).
   rPois:     It protects you from poison.
   Fly:       It grants you flight.
   rCorr:     It protects you from acid and corrosion.
   Drain:     It drains your maximum health when unequipped.
 T - a ring of wizardry
Wands
 f - a wand of flame (32)
 w - a wand of quicksilver (4)
 C - a wand of roots (11)
 U - a wand of polymorph (1)
Scrolls
 n - 5 scrolls of silence
 q - 5 scrolls of teleportation
 y - 3 scrolls of magic mapping
 z - 4 scrolls of poison
 B - 3 scrolls of fog
 D - 13 scrolls of identify
 F - 4 scrolls of fear
 N - 4 scrolls of amnesia
 O - 2 scrolls of enchant armour
Potions
 r - 4 potions of brilliance
 t - 3 potions of cancellation
 v - 6 potions of curing
 x - a potion of haste
 G - a potion of magic
 H - 2 potions of might
 L - 4 potions of flight
 Q - 2 potions of mutation


   Skills:
 - Level 10.0 Fighting
 + Level 19.9 Long Blades
 - Level 3.6 Throwing
 - Level 10.0 Armour
 - Level 10.0 Dodging
 - Level 4.0 Shields
 - Level 3.2 Unarmed Combat
 - Level 4.0 Spellcasting
 - Level 5.0 Transmutations
 - Level 10.0 Invocations


You had 19 spell levels left.
You knew the following spells:

 Your Spells              Type           Power      Damage    Failure   Level
a - Beastly Appendage     Tmut           50%        N/A       2%          1
b - Wereblood             Tmut           25%        N/A       3%          2

Your spell library contained the following spells:

 Spells                   Type           Power      Damage    Failure   Level
 Spider Form              Tmut/Pois      14%        N/A       21%         3
 Cigotuvi's Dreadful Rot  Necr/Pois/Air  8%         N/A       28%         2
 Poisonous Vapours        Pois/Air       8%         N/A       28%         2
 Scorch                   Fire           8%         2d5       28%         2
 Static Discharge         Conj/Air       8%         2-3/arc   28%         2
 Sublimation of Blood     Necr           4%         N/A       28%         2
 Ignite Poison            Fire/Tmut/Pois 11%        N/A       28%         3
 Mephitic Cloud           Conj/Pois/Air  4%         N/A       50%         3
 Vhi's Electric Charge    Tloc/Air       8%         N/A       50%         3
 Ice Form                 Ice/Tmut       14%        N/A       56%         4
 Airstrike                Air            2%         2d(1-17)  88%         4
 Flame Wave               Conj/Fire      4%         2d5       88%         4
 Olgreb's Toxic Radiance  Pois           4%         N/A       88%         4
 Sticky Flame             Conj/Fire      4%         2d3       88%         4
 Arcjolt                  Conj/Air       2%         1d12      99%         5
 Freezing Cloud           Conj/Ice/Air   2%         6-21      99%         5
 Eringya's Noxious Bog    Tmut/Pois      7%         N/A       100%        6
 Discord                  Hex            2%         N/A       100%        8
 Ignition                 Fire           2%         3d3       100%        8
 Maxwell's Capacitive Co  Air            2%         ∞         100%        8
 Summon Small Mammal      Summ           Unusable   N/A       N/A         1
 Call Canine Familiar     Summ           Unusable   N/A       N/A         3
 Summon Guardian Golem    Hex/Summ       Unusable   N/A       N/A         3
 Summon Lightning Spire   Summ/Air       Unusable   N/A       N/A         4
 Summon Cactus Giant      Summ           Unusable   N/A       N/A         6
 Summon Hydra             Summ           Unusable   N/A       N/A         7

Dungeon Overview and Level Annotations

Branches:
Dungeon (15/15)            Temple (1/1) D:5            Lair (5/5) D:11
  Swamp (0/4) Lair:2        Snake (0/4) Lair:3        Slime (0/5) Lair:5
    Orc (0/2) D:9          Vaults (0/5) D:13        Ossuary (visited)
 Bailey (visited)         Gauntlet (visited)
 Depths: D:15

Altars:
Ashenzari
Cheibriados
Dithmenos
Elyvilon
Fedhas
Gozag
Hepliaklqana
Kikubaaqudgha
Makhleb
Nemelex Xobeh
Okawaru
Qazlal
Ru
Sif Muna
Trog
Uskayaw
Vehumet
Wu Jian
Xom
Yredelemnul
Zin
The Shining One
Jiyva

Shops:
D:4 (   D:7 !:   D:11 [   D:12 :   D:14 *

Annotations:
D:7 1 runed translucent door, klichko's ghost, novice KoHu
Lair:1 exclusion: oklob plant
Lair:5 1 runed translucent door


Innate Abilities, Weirdness & Mutations

((You are very nimble when in or above water. (Stealth+, EV+, Speed+++)))
Your lower body shifts to a powerful aquatic tail in water.
Armour fits poorly on your strangely shaped body.


Message History

You are engulfed in flames.
You resist.
* * * LOW HITPOINT WARNING * * *
The red ugly thing basks in the mutagenic energy from its kin and changes!
The red ugly thing attacks as you move away!
The red ugly thing gores you but does no damage.
The red ugly thing closely misses you.
The red ugly thing attacks as you move away!
The red ugly thing closely misses you. The green ugly thing barely misses you.
The red ugly thing basks in the mutagenic energy from its kin and changes!
The green ugly thing attacks as you move away!
You block the green ugly thing's attack.
The green ugly thing basks in the mutagenic energy from its kin and changes!
The red ugly thing attacks as you move away!
The red ugly thing completely misses you.
The cyan ugly thing bites you but does no damage.
The cyan ugly thing attacks as you move away!
The cyan ugly thing barely misses you.
The red ugly thing basks in the mutagenic energy from its kin and changes!
The red ugly thing closely misses you.
You barely miss the red ugly thing. You closely miss the cyan ugly thing.
The green ugly thing basks in the mutagenic energy from its kin and changes!
You slash the cyan ugly thing! You burn the cyan ugly thing.
The cyan ugly thing is lightly wounded.
The cyan ugly thing misses you.
You barely miss the cyan ugly thing.
The cyan ugly thing is lightly wounded.
The cyan ugly thing tail-slaps you!
* * * LOW HITPOINT WARNING * * *
The cyan ugly thing shocks you!
* * * LOW HITPOINT WARNING * * *
You slash the cyan ugly thing! You burn the cyan ugly thing.
The cyan ugly thing is moderately wounded.
The cyan ugly thing closely misses you.
The red ugly thing basks in the mutagenic energy from its kin and changes!
You block the cyan ugly thing's attack.
You slash the cyan ugly thing! You burn the cyan ugly thing.
The cyan ugly thing is heavily wounded.
The cyan ugly thing barely misses you. The cyan ugly thing bites you!
You die...

#.# #.# ##.# #.#
#..# #.# #.##
####'#### ##.#######
#....(...
#........###.(......
#..........#........
#.>uu....#.#........
#..@u....#.'........
#...u>...###........
#........# #........
#........# ######'##
#........# #.#
###.###### #.# #...#
######'## ###.#
###.......#
#####'####.'.....W.#


You could see 4 ugly things.

Vanquished Creatures
  Gastronok (D:8)
  Agnes (D:14)
  A minotaur (Gauntlet)
  A dire elephant (Lair:5)
  Snorg (D:13)
  8 vault guards (D:13)
  2 hydras
  A merfolk avatar (Lair:5)
  2 centaur warriors
  3 two-headed ogres
  A tengu warrior (D:13)
  2 death scarabs (Gauntlet)
  Urug (D:13)
  3 skysharks
  A wretched star (Gauntlet)
  Amaemon (Lair:2)
  A sea snake (Lair:5)
  4 skeletal warriors (D:12)
  A spectral hydra (Gauntlet)
  An orc knight (Bailey)
  2 wizards (Gauntlet)
  A lindwurm (Lair:5)
  A harpy (Lair:5)
  A deep elf pyromancer (D:13)
  A deep elf zephyrmancer (Bailey)
  A spectral boulder beetle (Gauntlet)
  A manticore (D:14)
  An ugly thing (D:11)
  7 cyclopes
  11 elephants
  2 torpor snails (Lair:5)
  3 black mambas
  An orange demon (Lair:2)
  10 cane toads
  7 komodo dragons
  5 rime drakes
  2 tengu conjurers
  3 trolls
  4 polar bears
  3 wind drakes (Lair:5)
  16 blink frogs
  Grinder (D:4)
  A tarantella (shapeshifter) (D:13)
  2 hornets
  A snapping turtle (Lair:5)
  A blink frog (shapeshifter) (D:14)
  3 flying skulls (Gauntlet)
  A spriggan (Lair:1)
  8 slime creatures
  A spectral black mamba (Gauntlet)
  4 wraiths
  5 wyverns
  6 basilisks
  60 yaks
  9 vampire mosquitoes
  A neqoxec (Gauntlet)
  4 steam dragons
  3 swamp worms (Gauntlet)
  A spectral cane toad (Gauntlet)
  14 water moccasins
  5 acid dragons
  2 nagas (Lair:3)
  A swamp drake (Lair:2)
  A sky beast (D:8)
  8 orc warriors
  2 ice beasts (D:6)
  An ogre (D:5)
  3 black bears
  3 boggarts (D:14)
  18 wolves
  6 centaurs
  4 kobold brigands
  10 bullfrogs
  5 scorpions
  4 wights
  8 killer bees (D:8)
  2 howler monkeys
  A small abomination (Gauntlet)
  2 jellies
  A gnoll bouda (D:6)
  4 hounds
  Crazy Yiuf (D:7)
  6 orc priests
  5 iguanas
  15 orc wizards
  3 mummies (Ossuary)
  8 gnolls (D:6)
  6 adders
  5 shadow imps (Gauntlet)
  5 white imps
  An ufetubus (D:6)
  4 worms
  4 dart slugs
  31 orcs
  5 ball pythons
  4 endoplasms
  4 giant cockroaches
  5 goblins
  6 hobgoblins
  17 jackals
  24 kobolds
  A quokka (D:7)
  7 bats
  5 frilled lizards
  2 gnoll zombies (Ossuary)
  A goblin zombie (Ossuary)
  3 hobgoblin zombies (Ossuary)
  5 kobold zombies (Ossuary)
  3 rats
523 creatures vanquished.

Vanquished Creatures (others)
  A boggart (D:14)
1 creature vanquished.

Grand Total: 524 creatures vanquished

Notes
Turn   | Place    | Note
-------+----------+-------------------------------------------
     0 | D:1      | samai the Merfolk Transmuter began the quest for the Orb.
     0 | D:1      | Reached XP level 1. HP: 15/15 MP: 3/3
   171 | D:1      | Reached XP level 2. HP: 19/21 MP: 5/5
   278 | D:1      | Reached skill level 1 in Shields
  1041 | D:2      | Reached XP level 3. HP: 15/26 MP: 6/6
  1250 | D:2      | Learned a level 2 spell: Wereblood
  1734 | D:2      | Found a faded altar of an unknown god.
  1753 | D:3      | Reached XP level 4. HP: 27/32 MP: 7/7
  1875 | D:3      | Found an opulent altar of Gozag.
  1951 | D:3      | Reached skill level 5 in Transmutations
  2387 | D:3      | Reached XP level 5. HP: 31/37 MP: 8/8
  2928 | D:4      | Reached skill level 1 in Long Blades
  2933 | D:4      | Reached skill level 2 in Long Blades
  2933 | D:4      | Reached XP level 6. HP: 5/43 MP: 1/9
  2934 | D:4      | Reached skill level 3 in Long Blades
  3139 | D:4      | Found Azou's Weapon Shop.
  3325 | D:4      | Noticed Grinder
  3421 | D:4      | Killed Grinder
  3422 | D:4      | Reached skill level 5 in Long Blades
  3422 | D:4      | Reached XP level 7. HP: 16/48 MP: 3/10
  3608 | D:4      | Found a sacrificial altar of Ru.
  3779 | D:5      | Entered Level 5 of the Dungeon
  3798 | D:5      | Reached skill level 6 in Long Blades
  3972 | D:5      | Found an iron altar of Okawaru.
  4007 | D:5      | Became a worshipper of Warmaster Okawaru
  4038 | D:5      | Identified the +3 war axe "Blob" {freeze, rElec Str+2
                  | Int+3}
  4176 | D:5      | Reached skill level 7 in Long Blades
  4385 | D:5      | Found a staircase to the Ecumenical Temple.
  4391 | Temple   | Entered the Ecumenical Temple
  4751 | D:6      | Reached skill level 8 in Long Blades
  4751 | D:6      | Reached XP level 8. HP: 36/54 MP: 7/11
  4838 | D:6      | Reached * piety under Okawaru
  4850 | D:6      | Reached skill level 9 in Long Blades
  5040 | D:6      | Reached skill level 10 in Long Blades
  5062 | D:6      | Found a sand-covered staircase.
  5084 | Ossuary  | Entered an ossuary
  5084 | Ossuary  | Noticed a wraith
  5084 | Ossuary  | Noticed a wraith
  5084 | Ossuary  | Noticed a wraith
  5427 | Ossuary  | Noticed a wraith
  5434 | Ossuary  | Killed a wraith
  5718 | D:6      | Reached skill level 11 in Long Blades
  5807 | D:6      | Reached XP level 9. HP: 55/59 MP: 10/12
  6011 | D:7      | Found Muidd's Book Shop.
  6079 | D:4      | Bought a +0 long sword for 49 gold pieces
  6211 | D:7      | Reached skill level 12 in Long Blades
  6261 | D:7      | Found a runed translucent door.
  6262 | D:7      | Noticed Crazy Yiuf
  6275 | D:7      | Killed Crazy Yiuf
  6417 | D:7      | Found a white marble altar of Elyvilon.
  6729 | D:7      | Found Arhamm's Distillery.
  6733 | D:7      | Bought a potion of heal wounds for 60 gold pieces
  6733 | D:7      | Bought a potion of haste for 120 gold pieces
  6733 | D:7      | Bought a potion of heal wounds for 60 gold pieces
  6742 | D:7      | Bought a potion of curing for 36 gold pieces
  6951 | D:7      | Reached skill level 13 in Long Blades
  7129 | D:7      | Found a runed translucent door.
  7133 | D:7      | Noticed klichko's ghost (novice KoHu)
  7445 | D:8      | Noticed a troll
  7484 | D:8      | Reached ** piety under Okawaru
  7588 | D:8      | Noticed a hornet
  7601 | D:8      | Paralysed by a hornet for 1 turns
  7604 | D:8      | Killed a hornet
  7866 | D:8      | Found a glowing silver altar of Zin.
  7881 | D:8      | Reached skill level 14 in Long Blades
  7929 | D:8      | Noticed Gastronok
  8047 | D:8      | Killed Gastronok
  8048 | D:8      | Reached XP level 10. HP: 41/71 MP: 8/13
  8394 | D:8      | Reached skill level 1 in Throwing
  8598 | D:8      | Reached *** piety under Okawaru
  8698 | D:9      | Noticed a two-headed ogre
  8802 | D:9      | Found a snail-covered altar of Cheibriados.
  8821 | D:9      | Found a flagged portal.
  8854 | Bailey   | Entered a bailey
  8994 | Bailey   | Found a large runed translucent door.
  8994 | Bailey   | Found a large runed translucent door.
  9077 | Bailey   | Noticed a deep elf zephyrmancer
  9078 | Bailey   | Noticed an orc knight
  9122 | Bailey   | Killed an orc knight
  9123 | Bailey   | Reached skill level 5 in Fighting
  9388 | Bailey   | Killed a deep elf zephyrmancer
  9398 | Bailey   | Identified the +3 scale mail "Corhiddi" {rElec}
  9534 | D:9      | Reached XP level 11. HP: 80/80 MP: 13/16
  9615 | D:9      | Found a staircase to the Orcish Mines.
 10019 | D:9      | Identified a scroll of acquirement
 10019 | D:9      | Acquired 1032 gold pieces
 10089 | D:9      | Identified the +6 rapier of Dried Tears {freeze, Str+4}
 10157 | D:10     | Entered Level 10 of the Dungeon
 10333 | D:10     | Found a shimmering altar of Xom.
 10417 | D:10     | Reached skill level 10 in Dodging
 10976 | D:11     | Found a staircase to the Lair.
 11039 | D:11     | Noticed a cyclops
 11059 | D:11     | Found a portal to a secret trove of treasure.
 11244 | D:11     | You paid a toll of 6 scrolls of blinking to enter a
                  | treasure trove
 11245 | Trove    | Entered a treasure trove
 11252 | Trove    | Identified the +0 pair of gloves of Wiehiutawn {Int+2}
 11260 | Trove    | Identified the ring of Omouny {rF+ rC+ Dex+3}
 11266 | Trove    | Identified the +4 chain mail "Desus" {Harm rC++}
 11269 | Trove    | Identified the ring "Ighao" {rElec MP+9 Int+3}
 12023 | D:11     | Reached skill level 1 in Invocations
 12208 | D:11     | Found Bokegu Uli's Armour Boutique.
 12208 | D:11     | Noticed a purple ugly thing
 12218 | D:11     | Killed a purple ugly thing
 12292 | D:11     | Killed a cyclops
 12330 | D:11     | Reached **** piety under Okawaru
 12491 | Lair:1   | Entered Level 1 of the Lair of Beasts
 12606 | Lair:1   | You fall into a shaft and drop 1 floor!
 13002 | Lair:1   | Reached skill level 5 in Invocations
 13264 | Lair:1   | Found a blossoming altar of Fedhas.
 13267 | Lair:1   | Noticed an oklob plant
 13397 | Lair:1   | Identified the +1 morningstar "Soig" {antimagic, rC+ Str+3}
 13468 | Lair:1   | Reached XP level 12. HP: 96/96 MP: 18/18
 13792 | Lair:2   | Found a staircase to the Swamp.
 13815 | Lair:2   | Noticed Amaemon
 13956 | Lair:2   | Got Poonkuv's Atlas of Virulent Incineration
 14370 | Lair:2   | Killed Amaemon
 14371 | Lair:2   | Reached skill level 10 in Fighting
 14373 | Lair:2   | Received a gift from Okawaru
 14537 | Lair:2   | Noticed an eight-headed hydra
 14552 | Lair:2   | Killed a one-headed hydra
 14552 | Lair:2   | Reached ***** piety under Okawaru
 14956 | Lair:2   | Reached skill level 10 in Invocations
 14959 | Lair:2   | Received a gift from Okawaru
 14959 | Lair:2   | Found the +15 Maxwell's patent armour {-Cast -Tele rElec
                  | Will+ rCorr}
 14964 | Lair:2   | Reached skill level 1 in Armour
 15508 | Lair:3   | Found a staircase to the Snake Pit.
 16177 | Lair:3   | Reached skill level 5 in Armour
 16331 | Lair:3   | Reached XP level 13. HP: 97/103 MP: 18/20
 17836 | Lair:5   | Entered Level 5 of the Lair of Beasts
 17836 | Lair:5   | Found a runed translucent door.
 17837 | Lair:5   | Found a viscous altar of Jiyva.
 17838 | Lair:5   | Found a staircase to the Slime Pits.
 18133 | Lair:5   | Reached ****** piety under Okawaru
 18168 | Lair:4   | HP: 5/103 [skyshark (9)]
 19153 | Lair:5   | Noticed a dire elephant
 19290 | Lair:4   | Received a gift from Okawaru
 19656 | Lair:5   | Killed a dire elephant
 19656 | Lair:5   | Received a gift from Okawaru
 19657 | Lair:5   | Reached XP level 14. HP: 28/110 MP: 15/21
 19770 | Lair:5   | Reached skill level 10 in Armour
 20070 | Lair:5   | Received a gift from Okawaru
 20670 | Lair:5   | Reached skill level 15 in Long Blades
 21443 | Lair:1   | Acquired 754 gold pieces
 21445 | Lair:1   | Acquired the amulet of Ipoy {rF+ rC+ Regen+ Str+2}
 21627 | D:12     | Reached skill level 16 in Long Blades
 22218 | D:12     | Found Vuhuaggu's Book Emporium.
 22782 | D:13     | Found a gate to the Vaults.
 22806 | D:13     | Reached skill level 17 in Long Blades
 22820 | D:13     | Received a gift from Okawaru
 23069 | D:13     | Found a gate leading to a gauntlet.
 23078 | Gauntlet | Entered a Gauntlet
 23078 | Gauntlet | Found a transporter.
 23085 | Gauntlet | Found a transporter.
 23088 | Gauntlet | Found a transporter.
 23089 | Gauntlet | Found a transporter.
 23097 | Gauntlet | Found a transporter.
 23100 | Gauntlet | Found a transporter.
 23101 | Gauntlet | Found a transporter.
 23109 | Gauntlet | Found a transporter.
 23112 | Gauntlet | Found a transporter.
 23113 | Gauntlet | Found a transporter.
 23121 | Gauntlet | Found a transporter.
 23124 | Gauntlet | Found a transporter.
 23125 | Gauntlet | Found a transporter.
 23132 | Gauntlet | Found a runed translucent door.
 23135 | Gauntlet | Found a transporter.
 23220 | Gauntlet | Reached skill level 18 in Long Blades
 23254 | Gauntlet | Identified the +5 mace of Midwinter {freeze, Contam rElec
                  | Dex+4 Stlth+}
 23288 | Gauntlet | Gained mutation: Armour fits poorly on your strangely
                  | shaped body. [a neqoxec]
 23295 | Gauntlet | Identified the ring "Pifif" {Drain Fly rPois rCorr Int+6}
 23357 | Gauntlet | Reached XP level 15. HP: 27/112 MP: 22/22
 23511 | Gauntlet | Identified the ring "Hyasepsol" {Wiz rElec Dex-2 Slay+6
                  | SInv}
 23895 | D:13     | Reached skill level 19 in Long Blades
 23937 | D:13     | Noticed Urug
 23949 | D:13     | Killed Urug
 23953 | D:13     | Noticed Snorg
 24000 | D:13     | Killed Snorg
 24324 | D:14     | Found an iron altar of Okawaru.
 24703 | D:14     | Found Upri Oro's Assorted Antiques.
 24731 | D:14     | Bought a scroll of identify for 70 gold pieces
 24731 | D:14     | Bought a lead wand for 140 gold pieces
 24731 | D:14     | Bought 3 scrolls of silence for 997 gold pieces
 24796 | D:14     | Noticed Agnes
 24942 | D:14     | Killed Agnes
 25017 | D:14     | Upgraded the game from 0.30.0-29-ga12c61a403 to
                  | 0.30.1-4-g462c640d31
 25183 | D:14     | Found an ornate altar of the Wu Jian Council.
 25470 | D:15     | Entered Level 15 of the Dungeon
 25494 | D:14     | HP: 4/115 [cyan ugly thing (12)]
 25496 | D:14     | Slain by a cyan ugly thing

Illustrated notes

Levels and vault maps discovered:
D:1:      grunt_arrival_crossed_arrows, layout_basic,
          nicolae_concentric_dashed_squares_wild, minmay_cut_off
D:2:      layout_basic, shapermc_ecumenical_altar_mp_vishouse
D:3:      layout_loops_cross, nicolae_gozag_seed_capital, minmay_crystal_room
D:4:      layout_cave_pools, nicolae_ru_the_path_less_chosen, serial_shops,
          shop, uniq_grinder
D:5:      layout_basic, mainiacjoe_overflow_brackets, minmay_temple_entry_fiery
D:6:      layout_loops_ring, chequers_ossuary_entry_cave
D:7:      layout_rooms, elyvilon_altar_4, serial_shops, shop, shop,
          gammafunk_ghost_grave, uniq_crazy_yiuf_cottage
D:8:      layout_rooms, zin_academy, serial_bayou, serial_bayou_shore_b,
          serial_bayou_pond_e, serial_bayou_pond_d, serial_bayou_shore_a,
          uniq_gastronok
D:9:      layout_irregular_city, cheibrodos_worm_habitat, enter_bailey_2
D:10:     layout_basic, mainiacjoe_overflow_tiny_flanked,
          kennysheep_another_room
D:11:     layout_cave_pods, lair_entry_dummy, serial_shops,
          nicolae_shop_pleasant_corner_grove, nicolae_trove_entry_crossroad
D:12:     layout_basic, serial_shops, nicolae_shop_tiny_statue_garden,
          kennysheep_potato
D:13:     layout_roguey, erik_vaults_2, gauntlet_entry_generic, uniq_snorg,
          uniq_urug
D:14:     layout_roguey, okawaru_metal_pillars_1_2, serial_shops,
          nicolae_shop_rolling_square, nzn_wu_jian_council_hall, uniq_agnes
D:15:     gammafunk_depths_entry_grave, layout_loops_cross,
          hangedman_abyss_or_decor_lesser_grid, uniq_kirke
Temple:   regret_index_temple_waves
Lair:1:   layout_regular_city, hangedman_tree_tricks, infiniplex_staircase_pool
Lair:2:   layout_long_grid, minmay_swamp_entry_reptiles,
          grunt_forest_stairs_clearing, uniq_amaemon
Lair:3:   layout_long_grid, guppyfry_snake_entry_island, grunt_megastairs_3
Lair:4:   layout_hall_layers, lemuel_fruit_fields, infiniplex_staircase_pool_2,
          grunt_megastairs_1
Lair:5:   gammafunk_lair_ancient_temple, layout_small_grid, slime_entry_2

Skill      XL: |  1  2  3  4  5  6  7  8  9 10 11 12 13 14 15 |
---------------+----------------------------------------------+-----
Transmutations | 3 4 5 |  5.0
Shields        | 1 2 3 4 |  4.0
Long Blades    | 2 5 8 11 14 18 19 | 19.9
Dodging        | 7 9 10 | 10.0
Fighting       | 4 5 9 10 | 10.0
Throwing       | 3 |  3.6
Spellcasting   | 3 4 |  4.0
Invocations    | 5 10 | 10.0
Armour         | 5 9 10 | 10.0
Unarmed Combat | |  3.2

Action                     |  1- 3 |  4- 6 |  7- 9 | 10-12 | 13-15 || total
---------------------------+-------+-------+-------+-------+-------++-------
  Melee: Unarmed           |    16 |       |    86 |       |       ||   102
         Headbutt          |    12 |     5 |    52 |    65 |     8 ||   142
         Falchion          |    70 |   113 |   129 |       |       ||   312
         Long sword        |       |       |    74 |   567 |  1026 ||  1667
         Tailslap          |       |       |       |       |     9 ||     9
  Throw: Dart              |       |       |     7 |   167 |   240 ||   414
         Javelin           |       |       |       |       |    18 ||    18
         Throwing net      |       |       |       |       |     3 ||     3
   Cast: Beastly Appendage |    10 |    11 |    40 |    38 |     3 ||   102
         Wereblood         |       |       |     4 |    21 |    17 ||    42
 Invoke: Heroism           |       |       |     7 |    17 |    27 ||    51
         Finesse           |       |       |       |       |    12 ||    12
  Evoke: Wand              |       |     3 |     1 |     1 |    14 ||    19
    Use: Scroll            |     2 |     2 |    15 |    13 |    10 ||    42
         Potion            |       |     1 |     1 |    10 |    11 ||    23
   Stab: Invisible         |       |       |     2 |     7 |     2 ||    11
         Sleeping          |       |       |       |     1 |       ||     1
         Distracted        |       |       |       |     1 |     3 ||     4
 Armour: Ring mail         |    35 |    52 |    75 |       |       ||   162
         Steam dragon scal |       |       |    16 |    41 |       ||    57
         Leather armour    |       |       |       |    68 |   187 ||   255
         Skin              |       |       |       |     4 |       ||     4
  Dodge: Dodged            |    50 |    76 |   112 |   334 |   648 ||  1220
  Block: Buckler           |    24 |    54 |    64 |    97 |   233 ||   472
